Map: Coda EC

Players

AgCl

  • Race: Zerg Zerg

Klask - Winner!

  • Race: Protoss Protoss

VOD

Have the link to the VOD?

Description

Time

  • Played on: May 6, 2015, 7:06 p.m.
  • Length: 14:00
Show
View Real Time Build Order
Export as new Build Order

AgCl Zerg 

Build Orders: Pool First 

Get SALT Encoding   

  12  0:25  Spawning Pool  
  12  0:26  Drone  
  12  0:28  Drone  
  13  0:31  Drone  
  14  0:39  Overlord  
  14  0:56  Extractor  
  13  0:57  Drone  
  13  1:02  Drone  
  15  1:11  Zergling x2  
  15  1:16  Queen  
  18  1:20  Zergling x2  
  19  1:36  Zergling x2  
  20  1:43  Zergling x2  
  21  1:52  Drone  
  22  1:57  Hatchery  
  22  2:00  Burrow  
  21  2:07  Drone  
  21  2:29  Overlord  
  21  2:30  Overlord x2  
  21  2:53  Drone  
  21  2:54  Drone x2  
  24  3:11  Zergling x4  
  26  3:13  Lair  
  26  3:15  Queen  
  28  3:29  Drone x3  
  31  3:34  Spore Crawler  
  31  3:38  Drone x2  
  32  3:41  Extractor  
  32  3:43  Drone  
  32  4:02  Spore Crawler  
  31  4:05  Extractor  
  31  4:07  Drone x3  
  31  4:08  Drone x3  
  36  4:30  Pneumatized Carapace  
  36  4:32  Drone x4  
  40  4:40  Drone, Extractor  
  40  4:41  Drone x4  
  43  5:11  Drone  
  44  5:26  Spire  
  44  5:27  Drone x2  
  44  5:28  Overlord x5  
  44  5:29  Overlord x2  
  44  5:46  Drone x6  
  50  5:57  Drone x4  
  54  6:16  Hatchery  
  53  6:27  Drone x7  
  60  6:40  Extractor  
  60  6:46  Corruptor x2  
  60  6:47  Corruptor x3  
  59  6:53  Queen  
  71  6:56  Queen  
  72  7:32  Zergling x18  
  81  7:39  Evolution Chamber, Zerg Flyer Weapons Level 1  
  81  7:43  Spire  
  79  7:47  Metabolic Boost  
  79  7:59  Queen  
  79  8:01  Drone  
  82  8:11  Overlord  
  82  8:12  Overlord x6  
  82  8:15  Zerg Melee Weapons Level 1  
  82  8:20  Evolution Chamber  
  82  8:22  Drone  
  81  9:01  Corruptor  
  81  9:02  Corruptor x11  
  105  9:10  Extractor  
  105  9:12  Spore Crawler  
  103  9:20  Corruptor x3  
  103  9:22  Drone  
  103  9:23  Drone x2  
  112  9:38  Zerg Flyer Weapons Level 2  
  112  9:40  Zerg Flyer Armor Level 1  
  112  9:50  Infestation Pit  
  111  10:24  Mutalisk  
  111  10:27  Overlord x14  
  111  10:28  Overlord  
  113  10:41  Drone  
  114  10:44  Overlord x3  
  114  10:45  Queen  
  116  11:18  Mutalisk x7  
  116  11:19  Mutalisk x3  
  116  11:20  Drone  
  136  11:53  Hatchery  
  135  11:59  Drone x5  
  135  12:00  Drone x9  
  149  12:34  Drone  
  149  12:35  Drone x10  
  160  12:53  Mutalisk x7  
  160  12:56  Hatchery  
Show
View Real Time Build Order
Export as new Build Order

Klask Protoss - Winner!

Build Orders: Oracle Opening, Oracle Opening 

Get SALT Encoding   

  12  0:01  Probe  
  13  0:20  Pylon  
  13  0:23  Assimilator  
  13  0:24  Probe  
  14  0:38  Probe (Chrono Boost)  
  15  0:48  Probe (Chrono Boost)  
  16  0:51  Gateway  
  16  0:55  Probe  
  17  1:12  Pylon  
  17  1:36  Forge  
  17  1:44  Cybernetics Core, Zealot  
  19  2:00  Probe  
  20  2:12  Probe  
  21  2:19  Photon Cannon  
  21  2:22  Assimilator  
  21  2:24  Stalker  
  23  2:31  Stargate  
  23  2:37  Probe (Chrono Boost)  
  24  2:46  Warp Gate  
  24  2:47  Probe (Chrono Boost)  
  25  2:54  Probe  
  26  3:04  Photon Cannon  
  26  3:07  Pylon  
  26  3:16  Adept  
  28  3:25  Oracle (Chrono Boost)  
  31  3:32  Pylon  
  31  3:54  Oracle (Chrono Boost)  
  34  4:22  Stalker, Phoenix  
  38  4:44  Protoss Ground Weapons Level 1  
  38  5:23  Stargate  
  35  5:42  Phoenix  
  37  6:06  Gateway  
  37  6:09  Gateway x2  
  37  6:14  Gateway  
  37  6:16  Gateway  
  37  6:17  Phoenix x2  
  41  6:21  Pylon  
  41  6:23  Pylon  
  41  6:28  Pylon  
  41  6:35  Twilight Council  
  41  7:57  Stalker x4  
  41  7:58  Stalker x2  
  53  8:03  Blink (Chrono Boost)  
  53  8:05  Probe  
  54  8:09  Phoenix  
  54  8:10  Phoenix  
  58  8:17  Probe  
  59  8:37  Robotics Facility  
  59  8:58  Nexus  
  59  9:03  Pylon x2  
  59  9:04  Pylon  
  57  9:23  Stalker  
  57  9:24  Stalker  
  61  9:27  Observer  
  62  9:53  Gateway  
  62  9:55  Gateway  
  62  10:36  Stalker x2  
  66  10:45  Probe (Chrono Boost)  
  67  10:51  Protoss Ground Weapons Level 2 (Chrono Boost)  
  67  10:55  Probe (Chrono Boost)  
  68  11:01  Sentry x2  
  68  11:02  Sentry, Probe  
  75  11:14  Probe  
  76  11:53  Stalker  
  76  11:54  Stalker x4  
  86  12:54  Stalker x4  
  86  12:58  Zealot x3  
  100  13:11  Pylon  
  100  13:12  Pylon  
Tags
 
Add a new tag
Caveats
  • Supply blocks, unpowered buildings, or Contaminate may cause inaccurate times.
  • Supply counts are checked every 10 seconds.